[Event "41st Jacques-Lemans-Open 2022"]
[Site "St. Veit/Glan"]
[Date "2022.07.13"]
[Round "6.23"]
[White "Besner, Bernhard"]
[Black "Tumanyan, Gor"]
[Result "1/2-1/2"]
[ECO "B27"]
[WhiteElo "2164"]
[BlackElo "1884"]
[Annotator "ChessBase"]
[PlyCount "62"]
[EventDate "2022.07.09"]
[EventType "swiss"]
[EventCountry "AUT"]
[SourceTitle "playchess.com"]
[Source "ChessBase"]
[SourceQuality "1"]
[TimeControl "40/5400+30:1800+30"]

1. e4 c5 2. Nf3 g6 3. c3 Bg7 4. d4 cxd4 5. cxd4 d5 6. Bb5+ Bd7 7. Bxd7+ Nxd7 8. e5 e6 9. O-O Ne7 10. Nc3 a6 11. Bg5 h6 12. Be3 Nf5 13. Rc1 O-O 14. h3 f6 15. Bf4 fxe5 16. Bxe5 Bxe5 17. dxe5 Nh4 18. Nd4 Qg5 19. Qg4 Qxg4 20. hxg4 Rae8 21. f4 g5 22. g3 Ng6 23. f5 exf5 24. gxf5 Ngxe5 25. Nxd5 Nf6 26. Nc7 Rc8 27. Nce6 Rfe8 28. Nc7 Red8 29. Nce6 Re8 30. Nc7 Red8 31. Nce6 Re8 1/2-1/2

[Event "41st Jacques-Lemans-Open 2022"]
[Site "St. Veit/Glan"]
[Date "2022.07.13"]
[Round "6.24"]
[White "Buchegger, Fridolin"]
[Black "Kienboeck, Benjamin"]
[Result "1-0"]
[ECO "A46"]
[WhiteElo "1961"]
[BlackElo "2151"]
[Annotator "ChessBase"]
[PlyCount "89"]
[EventDate "2022.07.09"]
[EventType "swiss"]
[EventCountry "AUT"]
[SourceTitle "playchess.com"]
[Source "ChessBase"]
[SourceQuality "1"]
[TimeControl "40/5400+30:1800+30"]

1. d4 Nf6 2. Nf3 d5 3. c4 e6 4. g3 Bd6 5. Bg2 O-O 6. O-O Nbd7 7. Bf4 dxc4 8. Qc2 Nd5 9. Bxd6 cxd6 10. Qxc4 b6 11. e4 Ne7 12. Nc3 Bb7 13. Rfd1 d5 14. Qe2 dxe4 15. Nxe4 Bxe4 16. Qxe4 Nf6 17. Qb7 Nfd5 18. Ne5 Qc8 19. Qxc8 Raxc8 20. Rac1 f6 21. Nc4 Rfd8 22. Ne3 Nxe3 23. fxe3 Kf7 24. Kf2 e5 25. Rxc8 Rxc8 26. Ke2 exd4 27. exd4 Ke6 28. Kd3 Kd6 29. Re1 Rf8 30. a4 f5 31. a5 bxa5 32. Ra1 f4 33. gxf4 Rf5 34. Be4 Rh5 35. b4 Rh3+ 36. Kc4 axb4 37. Ra6+ Kd7 38. Rxa7+ Ke8 39. Kxb4 Rxh2 40. Kc5 Rh4 41. d5 Rxf4 42. Bxh7 Rh4 43. Bd3 Rh5 44. Bb5+ Kf8 45. Ra8+ 1-0

[Event "41st Jacques-Lemans-Open 2022"]
[Site "St. Veit/Glan"]
[Date "2022.07.13"]
[Round "6.25"]
[White "Blasge, Tobias"]
[Black "Zoernpfenning, Siegfried"]
[Result "1/2-1/2"]
[ECO "D37"]
[WhiteElo "1826"]
[BlackElo "2114"]
[Annotator "ChessBase"]
[PlyCount "68"]
[EventDate "2022.07.09"]
[EventType "swiss"]
[EventCountry "AUT"]
[SourceTitle "playchess.com"]
[Source "ChessBase"]
[SourceQuality "1"]
[TimeControl "40/5400+30:1800+30"]

1. d4 Nf6 2. c4 e6 3. Nf3 Bb4+ 4. Bd2 Be7 5. Nc3 d5 6. Bf4 a6 7. c5 O-O 8. e3 Nc6 9. a3 Nh5 10. Be5 f6 11. Bg3 f5 12. Ne5 Nxe5 13. Bxe5 Nf6 14. Be2 Bd7 15. f3 b6 16. b4 bxc5 17. bxc5 Bc6 18. Bxf6 Bxf6 19. f4 Qd7 20. Rb1 g5 21. g3 gxf4 22. gxf4 Kh8 23. Rg1 a5 24. Kd2 Rab8 25. Qc2 Bg7 26. Rxb8 Rxb8 27. a4 Qe7 28. Bb5 Be8 29. Bxe8 Qxe8 30. Rb1 Bf6 31. Rxb8 Qxb8 32. Qb1 Qa8 33. Qb5 c6 34. Qb1 Bd8 1/2-1/2

[Event "41st Jacques-Lemans-Open 2022"]
[Site "St. Veit/Glan"]
[Date "2022.07.13"]
[Round "6.26"]
[White "Bauer, Sebastian"]
[Black "Tonel, Giulia"]
[Result "1-0"]
[ECO "E73"]
[WhiteElo "2380"]
[BlackElo "1969"]
[Annotator "ChessBase"]
[PlyCount "49"]
[EventDate "2022.07.09"]
[EventType "swiss"]
[EventCountry "AUT"]
[SourceTitle "playchess.com"]
[Source "ChessBase"]
[SourceQuality "1"]
[TimeControl "40/5400+30:1800+30"]

1. c4 Nf6 2. Nc3 g6 3. e4 d6 4. d4 Bg7 5. Be2 c5 6. d5 b5 7. cxb5 a6 8. Nf3 O-O 9. O-O Nbd7 10. h3 Nb6 11. Re1 Nfd7 12. Qc2 c4 13. Be3 Qc7 14. a4 a5 15. Nd4 Nc5 16. Nc6 f5 17. e5 Bxe5 18. Bxc5 dxc5 19. Nxe5 Qxe5 20. Bxc4 Qd4 21. b3 Nxc4 22. bxc4 Qxc4 23. Rxe7 f4 24. Re4 Bf5 25. Rxc4 1-0

[Event "41st Jacques-Lemans-Open 2022"]
[Site "St. Veit/Glan"]
[Date "2022.07.13"]
[Round "6.27"]
[White "Kuhn, Maximilian"]
[Black "Sucher, Johannes"]
[Result "0-1"]
[ECO "D11"]
[WhiteElo "1920"]
[BlackElo "2164"]
[Annotator "ChessBase"]
[PlyCount "84"]
[EventDate "2022.07.09"]
[EventType "swiss"]
[EventCountry "AUT"]
[SourceTitle "playchess.com"]
[Source "ChessBase"]
[SourceQuality "1"]
[TimeControl "40/5400+30:1800+30"]

1. d4 d5 2. c4 c6 3. Nf3 Nf6 4. Qc2 e6 5. Nbd2 Be7 6. g3 O-O 7. Bg2 Na6 8. O-O Bd7 9. e4 Rc8 10. e5 Ne8 11. Qb3 Rb8 12. Rd1 Nec7 13. Nf1 c5 14. cxd5 Nxd5 15. Ne3 Bc6 16. Bd2 Nxe3 17. Bxe3 Bd5 18. Qc3 c4 19. h4 b5 20. Bg5 f6 21. exf6 Bxf6 22. Bf4 b4 23. Qe3 Rc8 24. Bg5 Nc7 25. Bxf6 Qxf6 26. Ng5 h6 27. Nh3 Bxg2 28. Kxg2 Nd5 29. Qe4 c3 30. b3 Qf5 31. Qe2 c2 32. Re1 Nc3 33. Qd2 Nb1 34. Qe3 Rc3 35. Qc1 Qd5+ 36. Kg1 Qxd4 37. Rxb1 cxb1=Q 38. Qxb1 Rxg3+ 39. Kh2 Rxh3+ 40. Kxh3 Rf3+ 41. Kg2 Qxf2+ 42. Kh1 Rh3# 0-1

[Event "41st Jacques-Lemans-Open 2022"]
[Site "St. Veit/Glan"]
[Date "2022.07.13"]
[Round "6.28"]
[White "Praznik, Anton"]
[Black "Erber, Siegfried"]
[Result "1-0"]
[ECO "B10"]
[WhiteElo "2137"]
[BlackElo "1967"]
[Annotator "ChessBase"]
[PlyCount "117"]
[EventDate "2022.07.09"]
[EventType "swiss"]
[EventCountry "AUT"]
[SourceTitle "playchess.com"]
[Source "ChessBase"]
[SourceQuality "1"]
[TimeControl "40/5400+30:1800+30"]

1. e4 c6 2. d3 d5 3. Nd2 e5 4. Ngf3 Bd6 5. d4 exd4 6. exd5 cxd5 7. Nxd4 Nf6 8. Bb5+ Bd7 9. Qe2+ Qe7 10. Bxd7+ Kxd7 11. Qxe7+ Bxe7 12. O-O Re8 13. N2f3 Bf8 14. h3 Nc6 15. Be3 a6 16. Rfd1 Rad8 17. Bg5 Kc7 18. Bxf6 gxf6 19. Kf1 Bc5 20. Nb3 Bb6 21. c3 Ne5 22. Nbd4 Nxf3 23. Nxf3 Re4 24. Rd3 Rde8 25. Rxd5 Re2 26. Rd2 Rxd2 27. Nxd2 Rd8 28. Nf3 Bc5 29. Rc1 Rd5 30. Ke2 Kd7 31. Rc2 Ke7 32. Rd2 Rxd2+ 33. Nxd2 f5 34. f4 Bd6 35. g3 Bc5 36. Nf3 h5 37. Ne5 Ke6 38. Nd3 Bd6 39. c4 Be7 40. b4 Kd6 41. Ne5 Ke6 42. Nd3 Kd6 43. Ke3 b5 44. Kd4 bxc4 45. Kxc4 Kc7 46. a4 Kb6 47. h4 Kb7 48. Ne5 f6 49. Nf3 a5 50. b5 Bb4 51. Kd5 Kb6 52. Nd4 Be1 53. Nxf5 Bf2 54. g4 hxg4 55. h5 Bc5 56. h6 g3 57. h7 g2 58. h8=Q g1=Q 59. Qb8# 1-0

[Event "41st Jacques-Lemans-Open 2022"]
[Site "St. Veit/Glan"]
[Date "2022.07.13"]
[Round "6.29"]
[White "Wegerer, Fred"]
[Black "Zaytsev, Alexander"]
[Result "1/2-1/2"]
[ECO "A20"]
[WhiteElo "2137"]
[BlackElo "1963"]
[Annotator "ChessBase"]
[PlyCount "56"]
[EventDate "2022.07.09"]
[EventType "swiss"]
[EventCountry "AUT"]
[SourceTitle "playchess.com"]
[Source "ChessBase"]
[SourceQuality "1"]
[TimeControl "40/5400+30:1800+30"]

1. c4 e5 2. e3 Nf6 3. Nc3 Nc6 4. a3 d5 5. cxd5 Nxd5 6. Qc2 Be6 7. b4 Bd6 8. Bb2 O-O 9. Nf3 Nb6 10. Ne4 f6 11. Be2 Qe7 12. h4 Qf7 13. d3 Bb3 14. Qb1 Rad8 15. Nfd2 Bd5 16. Bf3 Be7 17. Qc2 a6 18. Rc1 Rd7 19. Nc4 Rfd8 20. Ke2 f5 21. Nc5 Bxc5 22. bxc5 Nxc4 23. Bxd5 Qxd5 24. Qxc4 Qxc4 25. Rxc4 Rxd3 26. Rc2 Kf7 27. Bc3 R3d5 28. Bd2 Na7 1/2-1/2

[Event "41st Jacques-Lemans-Open 2022"]
[Site "St. Veit/Glan"]
[Date "2022.07.13"]
[Round "6.30"]
[White "Wiedner, Robert"]
[Black "Rempe, Jonas"]
[Result "1/2-1/2"]
[ECO "D37"]
[WhiteElo "2133"]
[BlackElo "1861"]
[Annotator "ChessBase"]
[PlyCount "86"]
[EventDate "2022.07.09"]
[EventType "swiss"]
[EventCountry "AUT"]
[SourceTitle "playchess.com"]
[Source "ChessBase"]
[SourceQuality "1"]
[TimeControl "40/5400+30:1800+30"]

1. Nf3 Nf6 2. c4 e6 3. d4 d5 4. Nc3 b6 5. Bg5 Be7 6. e3 Bb7 7. cxd5 exd5 8. Bd3 O-O 9. O-O c5 10. Re1 Nc6 11. dxc5 bxc5 12. Bxf6 Bxf6 13. Nxd5 Bxb2 14. Rb1 Ne5 15. Nxe5 Qxd5 16. Bxh7+ Kxh7 17. Qxd5 Bxd5 18. Rxb2 c4 19. e4 Be6 20. Rc2 Rac8 21. Rec1 Rc5 22. f4 f6 23. Nf3 Rd8 24. Rc3 Ra5 25. a3 Rb5 26. R1c2 Rb3 27. Kf2 Rd3 28. Rxd3 Rxd3 29. Nd2 Rxa3 30. Nxc4 Rd3 31. Na5 Ra3 32. Nc6 a5 33. Nd4 Ra2 34. Ke3 Rxc2 35. Nxc2 a4 36. f5 Bb3 37. Na3 g6 38. fxg6+ Kxg6 39. Kf4 Bd1 40. g4 Bb3 41. h4 Bd1 42. h5+ Kh6 43. Kf5 Kg7 1/2-1/2

[Event "41st Jacques-Lemans-Open 2022"]
[Site "St. Veit/Glan"]
[Date "2022.07.13"]
[Round "6.31"]
[White "Schippel, Gert"]
[Black "Enne, Harald"]
[Result "0-1"]
[ECO "D02"]
[WhiteElo "2106"]
[BlackElo "1919"]
[Annotator "ChessBase"]
[PlyCount "102"]
[EventDate "2022.07.09"]
[EventType "swiss"]
[EventCountry "AUT"]
[SourceTitle "playchess.com"]
[Source "ChessBase"]
[SourceQuality "1"]
[TimeControl "40/5400+30:1800+30"]

1. Nf3 d5 2. d4 Nf6 3. c4 c6 4. Qc2 g6 5. Bf4 Bg7 6. e3 O-O 7. Nc3 Bf5 8. Qb3 Qb6 9. c5 Qxb3 10. axb3 Nh5 11. Bg3 Nxg3 12. hxg3 f6 13. b4 e5 14. b5 Nd7 15. b4 Rfd8 16. bxc6 bxc6 17. b5 Nb8 18. Kd2 Bg4 19. Ne1 exd4 20. exd4 Be6 21. Nc2 f5 22. Bd3 Bd7 23. Ra2 cxb5 24. Nxd5 Nc6 25. Nc7 Rab8 26. Nxb5 a5 27. f4 Be6 28. Ra4 Bb3 29. Bc4+ Bxc4 30. Nd6 Bb3 31. Ra3 Bxc2 32. Kxc2 Nxd4+ 33. Kd3 Nc6 34. Kc4 Rb4+ 35. Kd5 Ne7+ 36. Ke6 Nc6 37. Kd5 Rd4+ 38. Kxc6 Bf8 39. Nb7 Rc8+ 40. Kb6 Rb4+ 41. Ka7 Rc7 42. Rxa5 Rcxb7+ 43. Ka6 Rb8 44. Ka7 Rc8 45. Rc1 Bg7 46. Rc2 Bd4 47. Rc1 Kf8 48. Rc2 Ke7 49. Rc1 Kd7 50. Rd1 Kc7 51. Rh1 Rb7+ 0-1

[Event "41st Jacques-Lemans-Open 2022"]
[Site "St. Veit/Glan"]
[Date "2022.07.13"]
[Round "6.32"]
[White "Markun, Ozbej"]
[Black "Higatsberger, Michael"]
[Result "1/2-1/2"]
[ECO "B92"]
[WhiteElo "1915"]
[BlackElo "2021"]
[Annotator "ChessBase"]
[PlyCount "81"]
[EventDate "2022.07.09"]
[EventType "swiss"]
[EventCountry "AUT"]
[SourceTitle "playchess.com"]
[Source "ChessBase"]
[SourceQuality "1"]
[TimeControl "40/5400+30:1800+30"]

1. e4 c5 2. Nf3 d6 3. d4 cxd4 4. Nxd4 Nf6 5. Nc3 a6 6. Be2 e5 7. Nb3 Be7 8. O-O O-O 9. Be3 Be6 10. Qd2 Nbd7 11. a4 Nb6 12. a5 Nc4 13. Bxc4 Bxc4 14. Rfd1 Rc8 15. f3 Qc7 16. Nc1 d5 17. exd5 Rfd8 18. Qe1 Nxd5 19. Nxd5 Rxd5 20. b3 Rxd1 21. Qxd1 Be6 22. c4 Bb4 23. Bb6 Bc5+ 24. Bxc5 Qxc5+ 25. Kh1 Qe3 26. Ra2 h5 27. Qd2 Qxd2 28. Rxd2 Rc5 29. Ra2 Bf5 30. Kg1 g5 31. Kf2 Kg7 32. Ke3 Kf6 33. Ne2 Ke6 34. Nc3 Bg6 35. Ne4 Bxe4 36. fxe4 f6 37. Kd3 Rc6 38. Rd2 Rc5 39. Ra2 Rc6 40. Ke3 Rc5 41. Kd3 1/2-1/2

[Event "41st Jacques-Lemans-Open 2022"]
[Site "St. Veit/Glan"]
[Date "2022.07.13"]
[Round "6.33"]
[White "Raeke, Philipp"]
[Black "Bajorski, Marius"]
[Result "1-0"]
[ECO "A01"]
[WhiteElo "1908"]
[BlackElo "1870"]
[Annotator "ChessBase"]
[PlyCount "105"]
[EventDate "2022.07.09"]
[EventType "swiss"]
[EventCountry "AUT"]
[SourceTitle "playchess.com"]
[Source "ChessBase"]
[SourceQuality "1"]
[TimeControl "40/5400+30:1800+30"]

1. b3 e5 2. Bb2 Nc6 3. e3 Nf6 4. Bb5 d6 5. Bxc6+ bxc6 6. Ne2 c5 7. d3 Be7 8. Nd2 O-O 9. e4 Ng4 10. h3 Nh6 11. g4 f6 12. Ng3 Kf7 13. Qe2 Ke8 14. O-O-O c6 15. Nf5 Nxf5 16. gxf5 Kd7 17. Rhg1 Rf7 18. Rg3 h6 19. Qh5 Qe8 20. Rdg1 Bf8 21. Qd1 a5 22. a4 Ba6 23. Bc3 Qd8 24. Nf3 d5 25. exd5 cxd5 26. Bxe5 fxe5 27. Nxe5+ Kc7 28. Nxf7 Qf6 29. Qh5 Bxd3 30. Rxd3 Qa1+ 31. Kd2 Qxg1 32. Qe2 c4 33. bxc4 Bb4+ 34. c3 Ba3 35. Qe5+ Kc8 36. Ke2 Rb8 37. Rd2 Rb1 38. Qe8+ Kb7 39. Nd8+ Ka6 40. Qc6+ Ka7 41. Qc7+ Ka6 42. Qc8+ Ka7 43. Qd7+ Ka6 44. Qe6+ Ka7 45. Nc6+ Kb7 46. Nxa5+ Kc7 47. Kd3 Qf1+ 48. Kd4 Bc1 49. Qc6+ Kb8 50. Qd7 Rb6 51. Qd8+ Ka7 52. c5 Rb7 53. Nc6+ 1-0

[Event "41st Jacques-Lemans-Open 2022"]
[Site "St. Veit/Glan"]
[Date "2022.07.13"]
[Round "6.34"]
[White "Wallner, Dieter"]
[Black "Gogniat, Michel"]
[Result "1-0"]
[ECO "D00"]
[WhiteElo "2018"]
[BlackElo "1854"]
[Annotator "ChessBase"]
[PlyCount "36"]
[EventDate "2022.07.09"]
[EventType "swiss"]
[EventCountry "AUT"]
[SourceTitle "playchess.com"]
[Source "ChessBase"]
[SourceQuality "1"]
[TimeControl "40/5400+30:1800+30"]

1. d4 d5 2. Nc3 Nf6 3. Bf4 c6 4. Qd2 Bf5 5. f3 e6 6. g4 Bg6 7. h4 h6 8. e3 Bd6 9. Nge2 Qc7 10. O-O-O Nbd7 11. Bxd6 Qxd6 12. Nf4 Bh7 13. g5 Ng8 14. e4 dxe4 15. fxe4 O-O-O 16. Bh3 Kb8 17. Rhf1 hxg5 18. hxg5 Ne7 1-0

[Event "41st Jacques-Lemans-Open 2022"]
[Site "St. Veit/Glan"]
[Date "2022.07.13"]
[Round "6.35"]
[White "Moewisch, Dave"]
[Black "Burbach, Brunel Baron"]
[Result "0-1"]
[ECO "A06"]
[WhiteElo "1941"]
[BlackElo "1820"]
[Annotator "ChessBase"]
[PlyCount "72"]
[EventDate "2022.07.09"]
[EventType "swiss"]
[EventCountry "AUT"]
[SourceTitle "playchess.com"]
[Source "ChessBase"]
[SourceQuality "1"]
[TimeControl "40/5400+30:1800+30"]

1. Nf3 d5 2. g3 Nf6 3. Bg2 e6 4. O-O b5 5. d3 Be7 6. c4 c6 7. b3 Nbd7 8. Qc2 Qb6 9. Nbd2 O-O 10. Bb2 Bb7 11. e4 Rfc8 12. e5 Ne8 13. Rfe1 a5 14. d4 c5 15. cxb5 Qxb5 16. Bf1 Qb6 17. Bd3 g6 18. h4 Ng7 19. Kg2 cxd4 20. Qd1 Bc5 21. g4 Ba6 22. Bxa6 Qxa6 23. Nxd4 Qb6 24. N2f3 f6 25. exf6 Nxf6 26. Ng5 Re8 27. f4 Rad8 28. Kh3 h6 29. Ngf3 Ne4 30. Re2 Rf8 31. Ne5 Rxf4 32. Nxg6 Nf2+ 33. Rxf2 Rxf2 34. Ne2 Bd6 35. Ng3 Rxb2 36. Qc1 Qf2 0-1

[Event "41st Jacques-Lemans-Open 2022"]
[Site "St. Veit/Glan"]
[Date "2022.07.13"]
[Round "6.36"]
[White "Ebner, Johann"]
[Black "Toefferl, Heimo"]
[Result "1-0"]
[ECO "D31"]
[WhiteElo "1907"]
[BlackElo "2003"]
[Annotator "ChessBase"]
[PlyCount "127"]
[EventDate "2022.07.09"]
[EventType "swiss"]
[EventCountry "AUT"]
[SourceTitle "playchess.com"]
[Source "ChessBase"]
[SourceQuality "1"]
[TimeControl "40/5400+30:1800+30"]

1. d4 e6 2. c4 d5 3. Nc3 f5 4. Bf4 c6 5. e3 Nf6 6. Bd3 Be7 7. Nf3 O-O 8. O-O Ne4 9. Ne5 Nd7 10. f3 Nd6 11. b3 Nf7 12. Nxf7 Rxf7 13. e4 g5 14. exf5 exf5 15. Be3 f4 16. Bf2 Nb6 17. c5 Nd7 18. g3 Nf8 19. g4 Bf6 20. Qd2 Ne6 21. Bf5 Ng7 22. Bc2 Qf8 23. Kg2 Bd7 24. Rae1 Re8 25. Rxe8 Nxe8 26. h3 Qg7 27. Ne2 Re7 28. Rh1 Nc7 29. h4 h6 30. h5 Qf8 31. Re1 Qc8 32. Ng1 Bxg4 33. Rxe7 Bxe7 34. Qd3 Qe6 35. Qh7+ Kf8 36. Qh8+ Qg8 37. Qxh6+ Ke8 38. Qg6+ Qxg6 39. Bxg6+ Kf8 40. fxg4 Ne6 41. Nf3 Bf6 42. Bf5 Nd8 43. Ne5 Kg7 44. Kf3 Be7 45. b4 Bf6 46. a4 a6 47. Nd3 Kf7 48. Bc8 Ke7 49. Nc1 a5 50. bxa5 Ne6 51. Nb3 Nd8 52. a6 bxa6 53. Bxa6 Kd7 54. Bd3 Kc7 55. Be1 Ne6 56. Ba5+ Kb7 57. Bb6 Nxd4+ 58. Nxd4 Bxd4 59. a5 Bg7 60. a6+ Kb8 61. Bf5 d4 62. Ke2 Be5 63. a7+ Kb7 64. Be4 1-0

[Event "41st Jacques-Lemans-Open 2022"]
[Site "St. Veit/Glan"]
[Date "2022.07.14"]
[Round "7.1"]
[White "Hechl, Gerald"]
[Black "Bosiocic, Marin"]
[Result "1/2-1/2"]
[ECO "B48"]
[WhiteElo "2222"]
[BlackElo "2549"]
[Annotator "ChessBase"]
[PlyCount "20"]
[EventDate "2022.07.09"]
[EventType "swiss"]
[EventCountry "AUT"]
[SourceTitle "playchess.com"]
[Source "ChessBase"]
[SourceQuality "1"]
[TimeControl "40/5400+30:1800+30"]

1. e4 c5 2. Nf3 e6 3. d4 cxd4 4. Nxd4 Nc6 5. Nc3 Qc7 6. Be3 a6 7. g4 Nge7 8. Ndb5 axb5 9. Nxb5 Qa5+ 10. Bd2 Qa4 1/2-1/2

[Event "41st Jacques-Lemans-Open 2022"]
[Site "St. Veit/Glan"]
[Date "2022.07.14"]
[Round "7.2"]
[White "Windhager, Hannes"]
[Black "Feinig, Mario"]
[Result "1/2-1/2"]
[ECO "B31"]
[WhiteElo "2244"]
[BlackElo "2141"]
[Annotator "ChessBase"]
[PlyCount "103"]
[EventDate "2022.07.09"]
[EventType "swiss"]
[EventCountry "AUT"]
[SourceTitle "playchess.com"]
[Source "ChessBase"]
[SourceQuality "1"]
[TimeControl "40/5400+30:1800+30"]

1. e4 c5 2. Nf3 Nc6 3. Bb5 g6 4. O-O Bg7 5. c3 e5 6. d4 cxd4 7. cxd4 exd4 8. Bf4 a6 9. Ba4 Nge7 10. Bd6 b5 11. Bb3 Bb7 12. Ng5 O-O 13. Qf3 Qe8 14. Qg3 h6 15. Nf3 Na5 16. Nbd2 Nxb3 17. Nxb3 Bxe4 18. Nfxd4 Nf5 19. Nxf5 Bxf5 20. Rfe1 Qd8 21. Bxf8 Qxf8 22. Re2 Rc8 23. Qe3 Qb4 24. Rc1 Rxc1+ 25. Qxc1 Qa4 26. Qa1 Be6 27. Re1 Qc4 28. Rd1 Be5 29. Qc1 Qh4 30. g3 Qg4 31. Re1 Bg7 32. Qd2 Qh5 33. f4 Qf3 34. Re3 Qc6 35. Nd4 Qd5 36. Rd3 Qc5 37. b4 Qb6 38. Qe3 Bxa2 39. Nf5 Qxe3+ 40. Nxe3 Be6 41. g4 f5 42. gxf5 gxf5 43. Nd5 Bf8 44. Nc7 Bxb4 45. Nxa6 Ba5 46. Kg2 Kf7 47. Nc5 Ke7 48. Nxe6 Kxe6 49. Kf3 d6 50. Ra3 Bd2 51. Rd3 Ba5 52. Ra3 1/2-1/2

[Event "41st Jacques-Lemans-Open 2022"]
[Site "St. Veit/Glan"]
[Date "2022.07.14"]
[Round "7.3"]
[White "Riemelmoser, Franz"]
[Black "Koelber, Daniel"]
[Result "1/2-1/2"]
[ECO "A37"]
[WhiteElo "2237"]
[BlackElo "2176"]
[Annotator "ChessBase"]
[PlyCount "26"]
[EventDate "2022.07.09"]
[EventType "swiss"]
[EventCountry "AUT"]
[SourceTitle "playchess.com"]
[Source "ChessBase"]
[SourceQuality "1"]
[TimeControl "40/5400+30:1800+30"]

1. c4 g6 2. Nc3 c5 3. g3 Bg7 4. Bg2 Nc6 5. Nf3 e6 6. O-O Nge7 7. d3 d5 8. Bd2 O-O 9. a3 b6 10. Rb1 Bb7 11. b4 cxb4 12. axb4 dxc4 13. dxc4 a5 1/2-1/2

[Event "41st Jacques-Lemans-Open 2022"]
[Site "St. Veit/Glan"]
[Date "2022.07.14"]
[Round "7.4"]
[White "Miazhynski, Yuri"]
[Black "Vojinov, Danijel"]
[Result "0-1"]
[ECO "B22"]
[WhiteElo "2166"]
[BlackElo "2201"]
[Annotator "ChessBase"]
[PlyCount "76"]
[EventDate "2022.07.09"]
[EventType "swiss"]
[EventCountry "AUT"]
[SourceTitle "playchess.com"]
[Source "ChessBase"]
[SourceQuality "1"]
[TimeControl "40/5400+30:1800+30"]

1. e4 c5 2. c3 Nf6 3. e5 Nd5 4. d4 cxd4 5. cxd4 e6 6. Nf3 Nc6 7. a3 d6 8. Bd3 dxe5 9. dxe5 Qc7 10. O-O Bd7 11. Qe2 Na5 12. Nc3 Nxc3 13. bxc3 Nb3 14. Ra2 Nxc1 15. Rxc1 Bc5 16. Re1 Rd8 17. Bb1 Bc6 18. h4 Bd5 19. Rd2 Bxa3 20. Qe3 Be7 21. Nd4 a6 22. h5 g6 23. f4 Bc5 24. g4 gxh5 25. g5 Qe7 26. Kh2 h6 27. Rg1 Rg8 28. Kh3 hxg5 29. fxg5 Bxd4 30. Rxd4 Rc8 31. g6 fxg6 32. Bxg6+ Kd8 33. c4 Rxc4 34. Rxc4 Bxc4 35. Rd1+ Bd5 36. Qb6+ Kc8 37. Rc1+ Kb8 38. Bd3 Bg2+ 0-1

[Event "41st Jacques-Lemans-Open 2022"]
[Site "St. Veit/Glan"]
[Date "2022.07.14"]
[Round "7.6"]
[White "Gschiel, Alexander"]
[Black "Hoffmann, Sebastian"]
[Result "1-0"]
[ECO "D11"]
[WhiteElo "2215"]
[BlackElo "2148"]
[Annotator "ChessBase"]
[PlyCount "105"]
[EventDate "2022.07.09"]
[EventType "swiss"]
[EventCountry "AUT"]
[SourceTitle "playchess.com"]
[Source "ChessBase"]
[SourceQuality "1"]
[TimeControl "40/5400+30:1800+30"]

1. d4 d5 2. c4 c6 3. Nf3 Nf6 4. Qb3 dxc4 5. Qxc4 Bg4 6. Nc3 Nbd7 7. Qd3 Qa5 8. Nd2 Qc7 9. Nc4 O-O-O 10. Qc2 e5 11. g3 Nd5 12. dxe5 Nxe5 13. Qe4 Bb4 14. Bd2 Nf3+ 15. Kd1 Nf6 16. Qe3 Bxc3 17. exf3 Bxd2 18. Nxd2 Rhe8 19. Qxa7 Bxf3+ 20. Kc2 Rxd2+ 21. Kxd2 Qd7+ 22. Kc3 Ne4+ 23. Kc2 Qd2+ 24. Kb3 Re5 25. a4 f5 26. Bc4 Bxh1 27. Rxh1 Nxf2 28. Rb1 Nd3 29. Qa8+ Kc7 30. Qf8 Nc5+ 31. Ka2 Qb4 32. b3 Qd2+ 33. Rb2 Qd7 34. g4 g6 35. gxf5 Rxf5 36. Qh6 b5 37. Rd2 Qe8 38. Qxh7+ Kb8 39. axb5 cxb5 40. Bxb5 Qf8 41. Qxg6 Rf6 42. Qg3+ Kb7 43. Qe5 Re6 44. Qd5+ Kb6 45. Bc4 Qe7 46. Qa8 Rf6 47. Qd5 Rg6 48. b4 Nb7 49. Rc2 Rc6 50. Rf2 Nd6 51. Qa5+ Kb7 52. Bd5 Kb8 53. Bxc6 1-0

[Event "41st Jacques-Lemans-Open 2022"]
[Site "St. Veit/Glan"]
[Date "2022.07.14"]
[Round "7.7"]
[White "Frank, Emanuel"]
[Black "Navaratnam, Rohan Shan Tze"]
[Result "1/2-1/2"]
[ECO "D32"]
[WhiteElo "2160"]
[BlackElo "2071"]
[Annotator "ChessBase"]
[PlyCount "120"]
[EventDate "2022.07.09"]
[EventType "swiss"]
[EventCountry "AUT"]
[SourceTitle "playchess.com"]
[Source "ChessBase"]
[SourceQuality "1"]
[TimeControl "40/5400+30:1800+30"]

1. d4 d5 2. c4 e6 3. Nc3 c5 4. cxd5 exd5 5. Nf3 Nc6 6. dxc5 d4 7. Na4 Bxc5 8. Nxc5 Qa5+ 9. Bd2 Qxc5 10. Rc1 Qb6 11. e3 Nf6 12. Bc4 O-O 13. O-O Bg4 14. exd4 Bxf3 15. Qxf3 Nxd4 16. Qa3 Ng4 17. Qg3 Nf6 18. Rfe1 Qxb2 19. Bg5 Ne6 20. Rb1 Qd4 21. Bxf6 Qxf6 22. Rxb7 Qd4 23. Bxe6 fxe6 24. h3 Rac8 25. Rxe6 Rxf2 26. Qxg7+ Qxg7 27. Rxg7+ Kxg7 28. Kxf2 a5 29. Kf3 Rc4 30. Re4 Rc3+ 31. Re3 Rc4 32. g4 Ra4 33. a3 Kg6 34. Kg3 h5 35. gxh5+ Kxh5 36. Kf2 Kg5 37. Rf3 Re4 38. Kg2 Rc4 39. Kf1 Rc2 40. Rd3 Kf4 41. Ke1 Rh2 42. Kd1 Ke4 43. Rg3 Kd4 44. Ke1 Ke4 45. Kf1 Kf4 46. Rc3 Ra2 47. Kg1 Rb2 48. h4 Kg4 49. Rc4+ Kf3 50. h5 Rb1+ 51. Kh2 Rb5 52. Rc3+ Kg4 53. h6 Rh5+ 54. Kg2 Rxh6 55. Rc4+ Kf5 56. Rc5+ Ke4 57. Rxa5 Rf6 58. a4 Kd4 59. Ra8 Kc5 60. a5 Kb5 1/2-1/2

[Event "41st Jacques-Lemans-Open 2022"]
[Site "St. Veit/Glan"]
[Date "2022.07.14"]
[Round "7.8"]
[White "Bethke, Robert"]
[Black "Praznik, Niko"]
[Result "0-1"]
[ECO "A40"]
[WhiteElo "2070"]
[BlackElo "2325"]
[Annotator "ChessBase"]
[PlyCount "80"]
[EventDate "2022.07.09"]
[EventType "swiss"]
[EventCountry "AUT"]
[SourceTitle "playchess.com"]
[Source "ChessBase"]
[SourceQuality "1"]
[TimeControl "40/5400+30:1800+30"]

1. d4 g6 2. c4 Bg7 3. Nf3 d6 4. Nc3 Nd7 5. e4 e5 6. d5 a5 7. Be2 Ngf6 8. Rb1 Nc5 9. Qc2 Nfxe4 10. Nxe4 Nxe4 11. O-O Nc5 12. Ra1 Bf5 13. Qd1 O-O 14. Be3 b6 15. b3 h6 16. a3 Bg4 17. Rc1 f5 18. b4 axb4 19. axb4 Ne4 20. h3 Bxf3 21. Bxf3 Ng5 22. Bxg5 Qxg5 23. c5 bxc5 24. bxc5 e4 25. Be2 Rf7 26. cxd6 cxd6 27. Qb3 Be5 28. Rc4 h5 29. Rb1 h4 30. Qe3 Qxe3 31. fxe3 Ra3 32. Rc8+ Kh7 33. Rbb8 Rxe3 34. Kf1 Ra3 35. Bb5 Rfa7 36. Rc2 Ra1+ 37. Ke2 Rg1 38. Rcc8 Ra2+ 39. Ke3 Re1+ 40. Be2 Rexe2# 0-1